 Dungeon Crawl Stone Soup version 0.19.1-1-g22dce08 (webtiles) character file.

235 M4edhros the Sneak (level 6, -9/38 HPs)
             Began as an Octopode Artificer on Jan 4, 2017.
             Mangled by an ogre
             ... wielding a cursed +0 giant club
              (20 damage)
             ... on level 4 of the Dungeon.
             The game lasted 00:03:41 (1486 turns).

M4edhros the Sneak (Octopode Artificer)             Turns: 1486, Time: 00:03:42

Health: -9/38      AC:  1    Str: 12    XL:     6   Next: 5%
Magic:  9/9        EV: 14    Int: 13    God:
Gold:   117        SH:  0    Dex: 14    Spells: 0 memorised, 5 levels left

rFire  . . .     SeeInvis .     i - +0 scythe (curse)
rCold  . . .     Gourm    .     (shield currently unavailable)
rNeg   + . .     Faith    .     (helmet restricted)
rPois  .         Spirit   .     (no amulet)
rElec  .         Reflect  .     j - ring of positive energy
rCorr  .         Harm     .     (no ring)
MR     .....                    (no ring)
Stlth  ++++......               (no ring)
                                (no ring)
                                (no ring)
                                (no ring)
                                (no ring)

@: no status effects
A: almost no armour, stealthy swim, amphibious, 8 rings, constrict 8, camouflage
1, gelatinous body 1
a: no special abilities


You were on level 4 of the Dungeon.
You were not hungry.

You visited 1 branch of the dungeon, and saw 5 of its levels.

You collected 117 gold pieces.

Inventory:

Hand Weapons
 a - a +0 short sword
 e - a -3 dagger
 i - a cursed +0 scythe (weapon)
 l - a +0 dagger of venom
Jewellery
 j - a ring of positive energy (left tentacle)
Wands
 b - a wand of flame (10/48)
 c - a wand of enslavement (8/24)
 d - a wand of random effects (11/48)
Scrolls
 h - 3 scrolls of identify
Comestibles
 f - a bread ration
 g - a beef jerky


   Skills:
 - Level 1.0 Fighting
 - Level 1.0 Short Blades
 + Level 3.5 Dodging
 * Level 6.3 Stealth
 + Level 4.1 Evocations


You had 5 spell levels left.
You didn't know any spells.

Dungeon Overview and Level Annotations

Branches:
Dungeon (5/15)
 Temple: D:4-7

Altars:
Ashenzari
Gozag

Annotations:
D:5 Edmund, Grinder, Pikel


Innate Abilities, Weirdness & Mutations

You cannot wear most types of armour.
You are very stealthy in the water. (Stealth+)
You are amphibious.
You can wear up to eight rings at the same time.
You can use your tentacles to constrict eight enemies at once.
Your skin changes colour to match your surroundings (Stealth+).
Your rubbery body absorbs attacks. (AC +1, EV +1)


Message History

A hound and an ogre come into view.
There is a stone staircase leading down here.
The gnoll shouts!
You hit the crimson imp. Your grab misses the crimson imp.
The crimson imp is moderately wounded.
The crimson imp hits you. The crimson imp misses you.
Unknown command.
You hit the crimson imp. Your grab misses the crimson imp.
The crimson imp is heavily wounded.
The hound barks!
The crimson imp blinks!
Unknown command.
You closely miss the hound. Your grab misses the hound. The hound bites you.
The ogre barely misses you. The hound misses you.
The gnoll hits you but does no damage. The crimson imp barely misses you.
The hound bites you.
* * * LOW HITPOINT WARNING * * *
The ogre hits you with a giant club!!
Ouch! That really hurt!
You die...

,,**,*,*,**,***,,>,,,,,* *,
,,,*,,,*,,...##**,,,,..# *,
,,,,*,*****....,,,**...# *,
,,,,,,* **...#####...# ***
,,,,*,** ##,..#.......# **,,
,,,,*,,**##..#........,* *****,,*
,,,,**,**.Z.g.......##****,,,,,**
,,,,,,,,,,#....hO5...###,,,,,,,*
.....,,,,,,,,*,#@g.....#,*,,,,**
....#*,,,*****,#######..,*,,,,*
....#**,.#####,*****,,,,,,,,,,*
....##*,.....,,,*,,,,,**,,**,**
.....,,,,...,,,,,.,,*****,**,####
....*****..###,,..*** *,..,#...
...#######..?##.^.,** **#.,#...
..>...............,,* ###..#...
##....$........#*,#,*****....####


You could see an ogre, a hound, 2 gnolls, a crimson imp and a centaur skeleton
(wandering).

Vanquished Creatures
  A crimson imp (D:5)
  An orc priest (D:3)
  2 orc wizards (D:4)
  A worker ant (D:4)
  A gnoll (D:5)
  2 adders
  An ooze (D:3)
  A dart slug (D:2)
  A leopard gecko (D:5)
  2 orcs (D:5)
  2 ball pythons
  2 bats
  3 giant cockroaches
  4 goblins
  3 hobgoblins
  7 jackals
  2 kobolds (D:1)
  A ball python zombie (D:5)
  A frilled lizard (D:2)
  A quokka zombie (D:5)
39 creatures vanquished.

Vanquished Creatures (collateral kills)
  A crimson imp (D:5)
  An orc (D:4)
  A kobold (D:2)
  A ball python skeleton (D:5)
  A rat (D:2)
5 creatures vanquished.

Vanquished Creatures (others)
  A gnoll (D:5)
1 creature vanquished.

Grand Total: 45 creatures vanquished

Notes
Turn   | Place    | Note
-------+----------+-------------------------------------------
     0 | D:1      | M4edhros the Octopode Artificer began the quest for the Orb.
     0 | D:1      | Reached XP level 1. HP: 13/13 MP: 3/3
    89 | D:1      | Reached skill level 2 in Stealth
   156 | D:1      | Reached XP level 2. HP: 16/18 MP: 4/4
   226 | D:2      | Reached XP level 3. HP: 10/23 MP: 5/5
   279 | D:2      | Reached skill level 3 in Stealth
   768 | D:3      | Found a shattered altar of Ashenzari.
   785 | D:3      | Reached skill level 4 in Stealth
   785 | D:3      | Reached XP level 4. HP: 11/28 MP: 6/6
   825 | D:3      | Found an opulent altar of Gozag.
  1207 | D:4      | Reached skill level 5 in Stealth
  1207 | D:4      | Reached XP level 5. HP: 18/33 MP: 7/7
  1227 | D:5      | Entered Level 5 of the Dungeon
  1227 | D:5      | Noticed Edmund
  1241 | D:5      | Noticed a slave
  1241 | D:5      | Noticed a slave
  1242 | D:5      | Noticed a slave
  1243 | D:5      | Noticed Pikel
  1272 | D:5      | Noticed Grinder
  1312 | D:5      | Reached skill level 6 in Stealth
  1338 | D:5      | Reached XP level 6. HP: 12/38 MP: 9/9
  1475 | D:5      | Noticed a slave
  1486 | D:4      | Mangled by an ogre

Skill      XL: |  1  2  3  4  5 |
---------------+----------------+-----
Stealth        | 2 4 5 6 |  6.3
Dodging        | 3 |  3.5
Evocations     | 4 |  4.1
Fighting       | |  1.0
Short Blades   | |  1.0

Action                   |  1- 3 |  4- 6 || total
-------------------------+-------+-------++-------
Melee: Short sword       |     5 |       ||     5
       Dagger            |    46 |    54 ||   100
       Constrict         |    19 |     9 ||    28
       Tentacles         |    13 |     9 ||    22
       Scythe            |       |     5 ||     5
Evoke: Wand              |     6 |    10 ||    16
  Use: Scroll            |     1 |     3 ||     4
       Potion            |       |     3 ||     3
 Stab: Sleeping          |     4 |     6 ||    10
       Betrayed ally     |       |     1 ||     1
  Eat: Chunk             |       |     2 ||     2
Armor: Skin              |     8 |     2 ||    10
Dodge: Dodged            |    40 |    39 ||    79
